 Dungeon Crawl Stone Soup version 0.31-a0-960-g0fca184906 (webtiles) character file.

Game seed: 7446363212985897135

402 Getoffmy the Shield-Bearer (level 7, -5/55 HPs)
             Began as a Formicid Fighter on Oct 23, 2023.
             Killed from afar by Dowan (15 damage)
             ... with a stone arrow
             ... on level 4 of the Dungeon.
             The game lasted 00:05:46 (3580 turns).

Getoffmy the Shield-Bearer (Formicid Fighter)       Turns: 3580, Time: 00:05:46

Health: -5/55      AC:  9    Str: 22    XL:     7   Next: 11%
Magic:  7/7        EV:  8    Int:  8    God:
Gold:   188        SH:  5    Dex: 13    Spells: 6/6 levels left

rFire   . . .        a - +0 quarterstaff
rCold   . . .        c - +0 buckler
rNeg    . . .        v - +0 chain mail
rPois   .            (helmet unavailable)
rElec   .            (no cloak)
rCorr   .            (no gloves)
SInv    +            (no boots)
Will    .....        e - amulet of magic regeneration Stlth
                     (no ring)
HPRegen 0.29/turn    (no ring)
MPRegen 0.50/turn

%: no passive effects
@: brilliant
A: permanent stasis, dig shafts and tunnels, antennae 3, four strong arms
a: Dig, Shaft Self


You were on level 4 of the Dungeon.
You visited 1 branch of the dungeon, and saw 4 of its levels.

You collected 188 gold pieces.

Inventory:

Hand Weapons
 a - a +0 quarterstaff (weapon)
Missiles
 d - 6 curare-tipped darts
 r - 16 stones
 s - 2 poisoned darts
Armour
 c - a +0 buckler (worn)
 v - a +0 chain mail (worn)
Jewellery
 b - an amulet of regeneration
 e - an amulet of magic regeneration (around neck)
 o - a ring of poison resistance
Wands
 m - a wand of flame (14)
Scrolls
 f - a scroll of immolation {unknown}
 g - 2 scrolls of enchant armour {unknown}
 h - 4 scrolls of identify {unknown}
 j - a scroll of teleportation {unknown}
 k - 2 scrolls of noise {unknown}
 n - a scroll of enchant weapon {unknown}
 p - a scroll of butterflies {unknown}
 q - a scroll of revelation {unknown}
 t - a scroll of poison {unknown}
 u - a scroll of fear {unknown}
 x - a scroll of torment {unknown}
Potions
 i - a potion of heal wounds
 l - 3 potions of curing
 w - a potion of brilliance


   Skills:
 + Level 4.7 Fighting
 * Level 4.7 Staves
 + Level 4.6 Armour
 + Level 5.6 Shields


You had 6 spell levels left.
You didn't know any spells.
Your spell library contained the following spells:

 Spells                   Type           Power      Damage    Failure   Level
 Apportation              Tloc           0%         N/A       97%         1
 Magic Dart               Conj           0%         1d3       97%         1
 Necrotise                Necr           0%         1d4       97%         1
 Summon Small Mammal      Summ           0%         N/A       97%         1
 Searing Ray              Conj           0%         2d4       99%         2
 Fulminant Prism          Conj/Hex       0%         3d5       100%        4


Dungeon Overview and Level Annotations

Branches:
Dungeon (4/15)
 Temple: D:4-7

Altars:
Nemelex Xobeh
Sif Muna

Annotations:
D:4 Dowan


Innate Abilities, Weirdness & Mutations

You cannot be hasted, slowed, berserked, paralysed or teleported.
You can dig through walls and to a lower floor.
You have a pair of large antennae on your head. (SInv)
Your four strong arms can wield two-handed weapons with a shield.


Message History

You block Duvessa's attack. Dowan hits you but does no damage.
Duvessa hits you but does no damage. Dowan hits you with a +0 dagger.
You hit Duvessa.
Duvessa is severely wounded.
Duvessa hits you with a +0 short sword.
Dowan points at you and mumbles some strange words.
The puff of flame misses you.
The puff of flame hits Duvessa.
Unknown command.
You barely miss Duvessa.
Duvessa is almost dead.
You block Duvessa's attack. Duvessa completely misses you.
Dowan casts a spell at you. You block the puff of frost.
You completely miss Duvessa.
Duvessa is almost dead.
Duvessa hits you with a +0 short sword. Dowan hits you with a +0 dagger.
Duvessa hits you with a +0 short sword.
* * * LOW HITPOINT WARNING * * *
Unknown command.
You sock Duvessa!
You kill Duvessa!
Dowan screams, "No!
Oh no!"
Dowan seems to find hidden reserves of power!
Dowan barely misses you. Dowan hits you with a +0 dagger.
* * * LOW HITPOINT WARNING * * *
You have reached level 7!
You hit Dowan but do no damage. Dowan hits you with a +0 dagger.
* * * LOW HITPOINT WARNING * * *
You hit Dowan but do no damage. You block Dowan's attack.
Dowan hits you but does no damage.
Unknown command.
You barely miss Dowan.
Dowan shakes with grief.
You block Dowan's attack.
You hit Dowan but do no damage. You block Dowan's attack.
Dowan hits you but does no damage.
You closely miss Dowan. Dowan gestures at you while chanting.
The stone arrow hits you!
You die...

#.# ## #.# #.# #.# ###
#.# .. #######.###### #.
..............
{#.#.############.######
#....)@e...........#
{#.#.############.### #.
#.# { #. #<# .. ### #e
.. ##


You could see Dowan (fast).

Vanquished Creatures
  Duvessa (D:4)
  A black bear (D:4)
  An ogre (D:3)
  3 gnolls (D:2)
  An adder (D:2)
  3 worms
  A dart slug (D:1)
  2 orcs (D:4)
  6 endoplasms
  4 giant cockroaches
  16 goblins
  6 hobgoblins
  3 quokkas
  10 ball pythons
  5 bats
  5 frilled lizards
  7 kobolds
  13 rats
88 creatures vanquished.

Notes
Turn   | Place    | Note
-------+----------+-------------------------------------------
     0 | D:1      | Getoffmy the Formicid Fighter began the quest for the Orb.
     0 | D:1      | Reached XP level 1. HP: 18/18 MP: 1/1
   107 | D:1      | Reached XP level 2. HP: 24/24 MP: 2/2
   476 | D:1      | Reached XP level 3. HP: 29/29 MP: 3/3
  1291 | D:2      | Reached XP level 4. HP: 33/37 MP: 4/4
  2121 | D:3      | Noticed an ogre
  2127 | D:3      | Reached XP level 5. HP: 42/42 MP: 5/5
  2139 | D:3      | Killed an ogre
  2140 | D:3      | Reached skill level 5 in Shields
  2182 | D:3      | Reached XP level 6. HP: 48/48 MP: 6/6
  3166 | D:4      | Noticed a black bear
  3177 | D:4      | Killed a black bear
  3430 | D:4      | Found a shimmering blue altar of Sif Muna.
  3439 | D:4      | Found a sparkling altar of Nemelex Xobeh.
  3548 | D:4      | Noticed Duvessa
  3548 | D:4      | Noticed Dowan
  3575 | D:4      | Killed Duvessa
  3576 | D:4      | Reached XP level 7. HP: 13/55 MP: 7/7
  3580 | D:4      | Killed from afar by Dowan

Illustrated notes

Levels and vault maps discovered:
D:1:      dpeg_arrival_ratfight, layout_loops_corners, serial_forest,
          infiniplex_forest_lined_1, infiniplex_forest_lined_room_2,
          infiniplex_forest_clump_medium, infiniplex_forest_lined_1,
          infiniplex_forest_lined_corner, reono_crystal_passage,
          minmay_tromino_i4
D:2:      layout_loops_ring, mrwooster_statue_mirror, minmay_split_cup_small
D:3:      layout_loops_ring, nrook_mini_backslash, eino_curves_01,
          minmay_ogre_servants
D:4:      layout_basic, mainiacjoe_overflow_swirl, abandoned_shop,
          grunt_tough_drop, uniq_robin, uniq_grinder, uniq_duvessa

Skill      XL: |  1  2  3  4  5  6 |
---------------+-------------------+-----
Staves         | 3 4 |  4.7
Fighting       | 4 |  4.7
Armour         | 4 |  4.6
Shields        | 5 |  5.6

Action                     |  1- 3 |  4- 6 |  7- 9 || total
---------------------------+-------+-------+-------++-------
  Melee: Quarterstaff      |    91 |   167 |     5 ||   263
    Use: Potion            |       |     4 |       ||     4
 Armour: Scale mail        |    42 |    76 |       ||   118
         Chain mail        |       |    61 |     4 ||    65
  Dodge: Dodged            |    37 |    64 |       ||   101
  Block: Buckler           |    16 |    36 |     3 ||    55

Table legend: (Time is in decaauts)
 A = Elapsed time spent in this place.
 B = Non-inter-level travel time spent in this place.
 C = Inter-level travel time spent in this place.
 D = Time resting spent in this place.
 E = Time spent auto-exploring this place.
 F = Levels seen in this place.
 G = Mean time per level.
                   A        B        C        D        E       F      G
               +--------+--------+--------+--------+--------+-----+--------+
         Total |   3624 |   3442 |    182 |    272 |   2457 |   4 |  906.0 |
       Dungeon |   3624 |   3442 |    182 |    272 |   2457 |   4 |  906.0 |
               +--------+--------+--------+--------+--------+-----+--------+

Top non-repeatable levels by time:
     D:1: 1223 daAuts
     D:3: 884 daAuts
     D:2: 833 daAuts
     D:4: 682 daAuts
